AoeStats
← flegrea44

Arabia

509644063Analyzed
4v4 RM · 6d ago on Sep 27, 2026· 48m 17s· 8 players
Game mode
Random Map
Map size
Large (8 player)
Population
200
Speed
Normal
Resources
Standard
Victory
Conquest
Starting age
Dark Age
Ending age
Imperial Age
RankedLock teamsTeams togetherTeam positionsShared explorationLock speedFull tech treeHidden civsTurbo modeCheats
Victory
Defeat
🇩🇪 Maya · Germany
1134
+15
🇪🇸 Chinese · Spain
1086
+17
🇩🇪 Huns · Germany
1075
+18
🇸🇪 Slavs · Sweden
1035
+19
🇮🇳 Aztecs · India
1148
-18
🇨🇳 Danes · China
1143
-18
🇮🇹 Celts · Italy
1141
-19
🇫🇷 Vietnamese · France
1030
-14
Nicolass
12:44 Feudal Age
12:02 Loom
16:55 Double-Bit Axe
19:28 Castle Age
20:24 Gold Mining
25:38 Fletching
30:00 Forging
31:35 Iron Casting
35:13 Scale Barding Armor
36:05 Light Cavalry
39:50 Chain Barding Armor
43:28 Imperial Age
43:44 Capped Ram
45:33 Blast Furnace
44:00 Cavalier
47:30 Bow Saw
47:16 Bodkin Arrow
47:22 Padded Archer Armor
48:26 Chemistry
Smet
7:05 Loom
9:44 Feudal Age
10:19 Double-Bit Axe
11:15 Horse Collar
16:03 Forging
18:01 Scale Barding Armor
18:54 Bloodlines
24:42 Castle Age
24:03 Stone Mining
25:00 Light Cavalry
26:18 Iron Casting
26:04 Chain Barding Armor
26:02 Gold Mining
26:25 Bow Saw
26:27 Heavy Plow
27:53 Husbandry
28:51 Gold Shaft Mining
33:37 Town Watch
34:27 Wheelbarrow
37:31 Ballistics
37:44 Hand Cart
37:29 Town Patrol
42:28 Imperial Age
39:50 Fletching
43:03 Bodkin Arrow
43:23 Masonry
44:14 Chemistry
43:20 Siege Engineers
42:37 Hussar
43:30 Elite Boyar
45:35 Two-Man Saw
48:00 Blast Furnace
BIMSEBIENE
0:30 Loom
11:02 Feudal Age
15:09 Castle Age
13:15 Double-Bit Axe
13:44 Horse Collar
17:08 Bow Saw
18:05 Fletching
19:15 Crossbowman
24:30 Ballistics
25:49 Wheelbarrow
25:00 Town Watch
25:55 Bodkin Arrow
26:50 Thumb Ring
27:59 Hand Cart
27:59 Padded Archer Armor
28:14 Treadmill Crane
29:00 Heavy Plow
32:18 Squires
37:01 Imperial Age
34:58 Masonry
34:51 Gold Mining
34:52 Stone Mining
35:17 Scale Mail Armor
35:28 Forging
35:06 Arson
34:42 Eagle Warrior
37:07 Arbalester
39:12 Chemistry
38:30 Bracer
38:46 Leather Archer Armor
37:55 Elite Eagle Warrior
39:09 Crop Rotation
39:19 Stone Shaft Mining
39:54 Two-Man Saw
40:55 Iron Casting
40:36 Chain Mail Armor
44:31 Architecture
43:58 Murder Holes
45:39 Plate Mail Armor
45:40 Ring Archer Armor
48:22 Holcans
48:56 Blast Furnace
Fµ Ða BÎM§® König
4:15 Loom
5:22 Loom
10:47 Feudal Age
16:34 Castle Age
14:52 Double-Bit Axe
15:37 Fletching
19:51 Padded Archer Armor
21:16 Leather Archer Armor
22:51 Bloodlines
23:44 Town Watch
24:13 Gold Mining
26:54 Bodkin Arrow
28:10 Thumb Ring
29:50 Wheelbarrow
30:47 Ballistics
32:34 Hand Cart
32:36 Bow Saw
32:45 Scale Barding Armor
32:45 Husbandry
33:24 Forging
35:01 Chain Barding Armor
39:00 Imperial Age
42:43 Plate Barding Armor
42:54 Iron Casting
42:55 Cavalier
47:24 Capped Ram
47:28 Paladin
Shiny Farfetch <3
7:08 Loom
9:19 Feudal Age
17:54 Castle Age
16:16 Double-Bit Axe
17:28 Horse Collar
23:21 Gold Mining
24:12 Fletching
26:04 Bodkin Arrow
26:09 Padded Archer Armor
27:12 Ballistics
26:41 Elite Skirmisher
27:59 Heavy Plow
28:40 Leather Archer Armor
32:03 Wheelbarrow
31:41 Thumb Ring
39:21 Imperial Age
38:47 Bow Saw
41:28 Chemistry
40:37 Bracer
41:08 Ring Archer Armor
40:02 Imperial Skirmisher
42:19 Town Watch
45:38 Paper Money
48:42 Hoardings
flegrea44
6:42 Loom
9:24 Feudal Age
9:33 Man-at-Arms
15:22 Double-Bit Axe
22:13 Castle Age
23:01 Long Swordsman
23:28 Gambesons
23:58 Forging
24:53 Horse Collar
26:28 Heavy Plow
27:29 Iron Casting
27:56 Scale Mail Armor
31:33 Pikeman
36:39 Wheelbarrow
38:23 Gold Mining
Butcher
6:32 Loom
9:26 Feudal Age
12:08 Double-Bit Axe
12:54 Man-at-Arms
16:37 Fletching
23:52 Castle Age
22:19 Horse Collar
22:32 Gold Mining
22:46 Padded Archer Armor
24:10 Crossbowman
24:50 Bodkin Arrow
32:10 Wheelbarrow
36:31 Gold Shaft Mining
37:31 Ballistics
野生西红柿
0:30 Loom
10:12 Feudal Age
10:57 Double-Bit Axe
10:54 Horse Collar
15:34 Town Watch
16:23 Scale Barding Armor
17:19 Forging
18:30 Bloodlines
21:14 Wheelbarrow
24:17 Castle Age
23:39 Scale Mail Armor
23:29 Arson
23:40 Gold Mining
23:41 Stone Mining
24:03 Fletching
26:29 Hand Cart
25:47 Light Cavalry
26:28 Husbandry
27:05 Chain Barding Armor
27:20 Iron Casting
27:03 Chain Mail Armor
26:36 Gambesons
26:52 Squires
27:47 Bow Saw
27:41 Heavy Plow
28:15 Hand Cart
28:34 Pikeman
29:38 Bodkin Arrow
30:53 Gold Shaft Mining
36:32 Stone Shaft Mining
41:49 Imperial Age
40:17 Hamask
41:53 Elite Varangian Guard
43:16 Conscription
43:35 Plate Mail Armor
44:11 Blast Furnace
43:02 Halberdier
44:46 Bracer
45:42 Hoardings
Connection lost

Rejoining the realm…

Still unreachable

The connection could not be restored.

Session expired

The server has moved on; the page needs a fresh start.